 Dungeon Crawl Stone Soup version 0.28.0-45-g0d030f2227 (webtiles) character file.

Game seed: 10791736691905961087

6448 pkoi the Martial Artist (level 10, -3/77 HPs)
             Began as a Demigod Gladiator on Apr 24, 2022.
             Slain by a wolf (6 damage)
             ... on level 9 of the Dungeon.
             The game lasted 00:27:14 (17457 turns).

pkoi the Martial Artist (Demigod Gladiator)        Turns: 17457, Time: 00:27:15

Health: -3/77      AC:  7    Str: 15    XL:     10   Next: 40%
Magic:  0/19       EV: 13    Int: 22    God:
Gold:   13         SH:  0    Dex: 15    Spells: 3/16 levels left

rFire   . . .      SeeInvis .     - Unarmed
rCold   . . .      Faith    .   (no shield)
rNeg    + + .      Spirit   +   h - +0 robe of Hospitality {rPois rN++}
rPois   +          Reflect  .   C - +0 helmet
rElec   .          Harm     .   y - scarf {shadows}
rCorr   .          Rampage  .   K - +0 pair of gloves
Will    +....                   l - +2 pair of boots
Stlth   +.........              p - amulet of guardian spirit
HPRegen 0.22/turn               e - ring of wizardry
MPRegen 0.16/turn               (no ring)

@: no status effects
A: high MP 1, forlorn, divine attributes
a: no special abilities


You were on level 9 of the Dungeon.
You visited 2 branches of the dungeon, and saw 10 of its levels.

You collected 533 gold pieces.
You spent 520 gold pieces at shops.

Inventory:

Hand Weapons
 i - a +1 dagger
 k - a +0 dagger
 s - a +1 antimagic dagger
 u - a +6 whip
 F - a +2 dagger of speed
Missiles
 c - 3 throwing nets
 f - 5 boomerangs
 r - 18 poisoned darts
Armour
 h - the +0 robe of Hospitality (worn) {rPois rN++}
   (You found it on level 2 of the Dungeon)

   rPois:     It protects you from poison.
   rN:        It greatly protects you from negative energy.
 l - a +2 pair of boots (worn)
 y - a scarf of shadows (worn)
 C - a +0 helmet (worn)
 K - a +0 pair of gloves (worn)
Magical Staves
 o - a staff of fire
Jewellery
 e - a ring of wizardry (left hand)
 p - an amulet of guardian spirit (around neck)
 B - a ring of positive energy
 E - an amulet of regeneration
 M - a ring of flight
Wands
 w - a wand of iceblast (10)
 D - a wand of polymorph (8)
 I - a wand of acid (6)
Scrolls
 g - 2 scrolls of enchant weapon
 G - a scroll of amnesia
 L - 2 scrolls of summoning
 O - a scroll of fog
Potions
 a - a potion of haste {unknown}
 b - a potion of ambrosia {unknown}
 d - 9 potions of curing
 j - a potion of magic {unknown}
 m - 2 potions of lignification
 n - 5 potions of brilliance {unknown}
 q - a potion of flight
 t - a potion of degeneration {unknown}
 v - a potion of resistance
 x - 2 potions of invisibility {unknown}
 z - a potion of berserk rage
 A - 2 potions of mutation {unknown}
 H - 2 potions of might {unknown}
 N - a potion of cancellation {unknown}


   Skills:
 - Level 3.0 Fighting
 - Level 1.7 Throwing
 + Level 3.3 Dodging
 + Level 11.5 Unarmed Combat
 + Level 3.8 Spellcasting
 + Level 5.4 Conjurations
 - Level 4.1 Hexes
 + Level 4.0 Transmutations


You had 3 spell levels left.
You knew the following spells:

 Your Spells              Type           Power      Damage    Failure   Level
a - Magic Dart            Conj           100%       1d8       1%          1
b - Searing Ray           Conj           56%        2d6       1%          2
c - Beastly Appendage     Tmut           44%        N/A       1%          1
d - Fulminant Prism       Conj/Hex       12%        3d9       6%          4
e - Irradiate             Conj/Tmut      12%        3d18      17%         5

Your spell library contained the following spells:

 Spells                   Type           Power      Damage    Failure   Level
 Wereblood                Tmut           22%        N/A       1%          2
 Spider Form              Tmut/Pois      13%        N/A       6%          3
 Blade Hands              Tmut           11%        N/A       24%         5
 Dragon Form              Tmut           11%        N/A       99%         7


Dungeon Overview and Level Annotations

Branches:
Dungeon (9/15)             Temple (1/1) D:6
   Lair: D:8-11         Orc: D:9-12

Shops:
D:2 :   D:9 *

Annotations:
D:4 1 runed translucent door, Gelion's ghost, amateur OpTm
D:8 1 runed translucent door, reversiblehash's ghost, journeyman GnFi


Innate Abilities, Weirdness & Mutations

You have an increased reservoir of magic. (+10% MP)
You shall have no god before yourself.
Your divine heritage dramatically boosts your attributes as you level up.


Message History

Unknown command.
Casting: Fulminant Prism (dangerous; 6% risk of failure)
Confirm with . or Enter, or press ? or * to list all spells.
Aiming: Fulminant Prism (dangerous; 6% risk of failure)
Press: ? - help, Dir - move target You conjure a prism of explosive energy!
A fulminant prism comes into view.
The two-headed ogre hits you with a +0 dire flail!!
* * * LOW HITPOINT WARNING * * *
The two-headed ogre closely misses you. The acid dragon bites you.
* * * LOW HITPOINT WARNING * * *
The acid dragon closely misses you.
Unknown command.
Your fulminant prism crackles loudly.
A hound comes into view.
Your fulminant prism explodes!
The blast of energy engulfs the wolf!
The wolf is severely wounded.
The hound barks!
Unknown command.
Unknown command.
Unknown command.
Casting: Fulminant Prism (dangerous; 6% risk of failure)
Confirm with . or Enter, or press ? or * to list all spells.
You don't have enough magic to cast this spell.
The two-headed ogre hits you with a +0 dire flail!
* * * LOW HITPOINT WARNING * * *
The two-headed ogre closely misses you. The acid dragon spits acid at you.
The splash of acid hits you!!
* * * LOW HITPOINT WARNING * * *
The wolf bites you.
* * * LOW HITPOINT WARNING * * *
Okay, then.
Unknown command.
Okay, then.
Unknown command.
As you read the scroll of summoning, it crumbles to dust.
Wisps of shadow whirl around you... The wolf bites you!
You die...

......####...........
#.......#####.≈.∩.§....#
#.....................##
#.........#.....≈...###
.###.....###<†....o....#
....:....###[oo.....###
###...........oyy...##
......##....[ODoo..###
#..........hh@.o....
####......##..yy.o.....
.........##........o...
......#####............
.#....####.............
#..##.................
......*................
..........g..
.......gg....


You could see a two-headed ogre (ally target), an acid dragon (catching breath,
ally target), a wolf (ally target), a hound, a friendly orc warrior (summoned),
4 friendly killer bees, a friendly orc priest (summoned), 2 friendly orc wizards
and 5 friendly orcs.

Vanquished Creatures
  A komodo dragon (D:7)
  2 trolls
  Sigmund (D:3)
  3 humans (D:8)
  5 yaks (D:8)
  Menkaure (D:5)
  3 water moccasins
  3 sky beasts (D:7)
  3 orc warriors (D:7)
  An ice beast (D:8)
  A black bear (D:8)
  4 necrophages (D:7)
  3 wolves
  3 centaurs
  2 ogres (D:5)
  A phantom (D:5)
  2 bullfrogs
  2 gnoll sergeants
  A wyvern skeleton (D:7)
  A water moccasin skeleton (D:4)
  10 killer bees
  A howler monkey (D:7)
  4 wights (D:8)
  2 bullfrog zombies (D:6)
  3 centaur zombies (D:7)
  5 hounds
  A gnoll shaman (D:7)
  A jelly (D:6)
  4 bullfrog skeletons
  3 centaur skeletons
  2 orc priests (D:7)
  5 iguanas
  Jessica (D:2)
  Natasha (thrice) (D:3)
  4 orc wizards
  A killer bee zombie (D:7)
  A hound zombie (D:5)
  2 howler monkey zombies
  6 gnolls
  9 adders
  2 white imps
  2 adder skeletons (D:4)
  A worm (D:3)
  3 dart slugs
  21 orcs
  7 endoplasms
  7 giant cockroaches
  5 goblins
  4 hobgoblins
  6 quokkas
  2 ball pythons (D:2)
  4 bats
  7 frilled lizards
  7 kobolds
  6 rats
195 creatures vanquished.

Vanquished Creatures (others)
  7 bushes (D:7)
  28 fulminant prisms
  23 plants (D:7)
58 creatures vanquished.

Grand Total: 253 creatures vanquished

Notes
Turn   | Place    | Note
-------+----------+-------------------------------------------
     0 | D:1      | pkoi the Demigod Gladiator began the quest for the Orb.
     0 | D:1      | Reached XP level 1. HP: 17/17 MP: 3/3
   289 | D:1      | Reached skill level 3 in Unarmed Combat
   684 | D:1      | Reached XP level 2. HP: 24/24 MP: 4/4
  1701 | D:2      | Reached XP level 3. HP: 26/29 MP: 5/5
  1804 | D:2      | Reached skill level 4 in Unarmed Combat
  2304 | D:2      | Found Axomoduo's Book Shoppe.
  2353 | D:2      | Noticed Jessica
  2374 | D:2      | Killed Jessica
  2375 | D:2      | Reached XP level 4. HP: 10/36 MP: 6/6
  2812 | D:2      | Identified the +0 robe of Hospitality {rPois rN++}
  3450 | D:3      | Noticed Natasha
  3509 | D:3      | Killed Natasha
  3510 | D:3      | Reached XP level 5. HP: 13/42 MP: 7/7
  3917 | D:3      | Noticed Natasha
  3928 | D:3      | Killed Natasha
  3929 | D:3      | Reached skill level 5 in Unarmed Combat
  4057 | D:3      | Noticed Sigmund
  4428 | D:3      | Noticed Natasha
  4438 | D:3      | Killed Natasha
  4797 | D:4      | Found a runed translucent door.
  4798 | D:4      | Noticed Gelion's ghost (amateur OpTm)
  5540 | D:4      | You fall into a shaft and drop 3 floors!
  5593 | D:7      | Noticed a sky beast
  5612 | D:7      | Killed a sky beast
  5613 | D:7      | Reached skill level 6 in Unarmed Combat
  5613 | D:7      | Reached XP level 6. HP: 23/51 MP: 4/8
  5854 | D:6      | Noticed a water moccasin
  5856 | D:6      | Killed a water moccasin
  5857 | D:6      | Reached skill level 7 in Unarmed Combat
  5857 | D:6      | Reached XP level 7. HP: 57/57 MP: 9/9
  5880 | D:7      | Learned a level 1 spell: Magic Dart
  5926 | D:6      | Found a staircase to the Ecumenical Temple.
  5979 | D:6      | Learned a level 2 spell: Searing Ray
  6008 | D:5      | Entered Level 5 of the Dungeon
  6418 | D:5      | Reached skill level 1 in Conjurations
  6510 | D:5      | Reached skill level 1 in Spellcasting
  6845 | D:5      | Noticed Menkaure
  7071 | D:5      | Killed Menkaure
  7095 | D:5      | Reached skill level 8 in Unarmed Combat
  7300 | D:5      | Reached XP level 8. HP: 58/63 MP: 2/14
  8725 | Temple   | Entered the Ecumenical Temple
  9261 | D:7      | Reached skill level 9 in Unarmed Combat
  9300 | D:7      | Learned a level 1 spell: Beastly Appendage
  9305 | D:7      | Learned a level 4 spell: Fulminant Prism
  9851 | D:7      | Reached skill level 1 in Hexes
  9851 | D:7      | Reached skill level 1 in Transmutations
 10626 | D:7      | Reached XP level 9. HP: 11/69 MP: 2/16
 11986 | D:7      | Reached skill level 10 in Unarmed Combat
 12715 | D:7      | Noticed a komodo dragon
 12725 | D:7      | Killed a komodo dragon
 13122 | D:7      | HP: 4/103 [troll (4)]
 14139 | D:8      | Found a runed translucent door.
 14139 | D:8      | Noticed reversiblehash's ghost (journeyman GnFi)
 14140 | D:8      | Noticed a +1 whip of chaos
 14255 | D:8      | Reached skill level 5 in Conjurations
 14647 | D:8      | Reached XP level 10. HP: 49/77 MP: 6/17
 15059 | D:3      | Killed Sigmund
 15060 | D:3      | Reached skill level 11 in Unarmed Combat
 16586 | D:9      | Found Lukh's Elemental Accessories.
 16695 | D:2      | Bought a book of Transfigurations for 520 gold pieces
 16701 | D:2      | Learned a level 5 spell: Irradiate
 17445 | D:9      | Noticed a two-headed ogre
 17456 | D:9      | HP: 2/77 [wolf (6)]
 17457 | D:9      | Slain by a wolf

Illustrated notes

Levels and vault maps discovered:
D:1:      amcnicky_arrival_blooded_trapdoor, layout_basic,
          ebering_dispersal_statue_hall, chequers_big_river
D:2:      layout_basic, serial_shops, nicolae_shop_trees, minmay_pentomino_w4,
          uniq_jessica
D:3:      layout_basic, nicolae_overflow_crystal_walls, uniq_natasha,
          uniq_sigmund
D:4:      layout_loops_ring, nemelex_dance_club_becter,
          hellmonk_ghost_happy_afterlife
D:5:      layout_loops_ring, nicolae_uskayaw_suspiria, minmay_pentangle,
          uniq_menkaure
D:6:      layout_cave_pools, mainiacjoe_overflow_24_doors,
          minmay_temple_entry_glass
D:7:      minmay_chambers_of_fours, layout_loops_ring,
          fedhas_altar_decomposition, minivault_11, minmay_lizard_king
D:8:      layout_loops_corners, nicolae_wu_jian_glorious_leap,
          ebering_ghost_xom, minmay_ruffians
D:9:      layout_rooms, erik_lair_island, serial_shops, shop,
          nicolae_elemental_shop, minmay_protected_statue
Temple:   nicolae_temple_elliptical

Skill      XL: |  1  2  3  4  5  6  7  8  9 10 |
---------------+-------------------------------+-----
Unarmed Combat | 3 4 6 7 8 9 10 11 | 11.5
Dodging        | 3 |  3.3
Fighting       | 2 3 |  3.0
Conjurations   | 2 3 5 |  5.4
Spellcasting   | 2 3 |  3.8
Hexes          | 1 4 |  4.1
Transmutations | 1 3 4 |  4.0
Throwing       | |  1.7

Action                   |  1- 3 |  4- 6 |  7- 9 | 10-12 || total
-------------------------+-------+-------+-------+-------++-------
Melee: Unarmed           |   157 |   241 |   192 |    44 ||   634
       Punch             |     2 |     6 |    13 |     4 ||    25
       Kick              |       |       |     4 |       ||     4
       Headbutt          |       |       |     1 |       ||     1
Throw: Throwing net      |     3 |       |       |       ||     3
 Cast: Magic Dart        |       |       |   142 |    38 ||   180
       Searing Ray       |       |       |    23 |     4 ||    27
       Beastly Appendage |       |       |     1 |       ||     1
       Fulminant Prism   |       |       |    12 |    16 ||    28
Evoke: Wand              |       |     2 |       |       ||     2
  Use: Scroll            |     4 |       |     7 |     3 ||    14
       Potion            |     1 |     1 |     3 |       ||     5
 Stab: Sleeping          |     1 |       |       |       ||     1
Armor: Leather armour    |    50 |     5 |       |       ||    55
       Robe              |       |    52 |    67 |    17 ||   136
       Skin              |       |     5 |     5 |       ||    10
Dodge: Dodged            |    98 |   151 |   166 |    50 ||   465
